 Dungeon Crawl Stone Soup version 0.27-a0-1312-g5cdb2b3542 (webtiles) character file.

Game seed: 4475196535511498269

25 avis the Grave Robber (level 2, -6/22 HPs)
             Began as a Deep Dwarf Necromancer on June 20, 2021.
             Mangled by a gnoll (10 damage)
             ... on level 1 of the Dungeon.
             The game lasted 00:06:49 (1371 turns).

avis the Grave Robber (Deep Dwarf Necromancer)      Turns: 1371, Time: 00:06:50

Health: -6/22      AC:  2    Str: 11    XL:     2   Next: 82%
Magic:  2/5        EV: 12    Int: 15    God:
Gold:   54         SH:  0    Dex: 13    Spells: 4/5 levels left

rFire    . . .     SeeInvis .   a - +0 short sword
rCold    . . .     Faith    .   (no shield)
rNeg     . . .     Spirit   .   f - +0 robe
rPois    .         Reflect  .   (no helmet)
rElec    .         Harm     .   (no cloak)
rCorr    .         Rampage  .   (no gloves)
Will     .....                  (no boots)
Stlth    ++........             (no amulet)
HPRegen  0.00/turn              (no ring)
MPRegen  0.09/turn              (no ring)

@: no status effects
A: damage resistance, heal wounds, sense surroundings 1, no regeneration
a: Heal Wounds


You were on level 1 of the Dungeon.
You visited 1 branch of the dungeon, and saw 2 of its levels.

You collected 54 gold pieces.

Inventory:

Hand Weapons
 a - a +0 short sword (weapon)
 b - a +0 hunting sling
Missiles
 d - 18 arrows
 g - 2 stones
 k - 15 poisoned darts
Armour
 f - a +0 robe (worn)
Scrolls
 c - a scroll of immolation {unknown}
 e - a scroll of fear {unknown}
 i - 2 scrolls of identify {unknown}
Potions
 h - a potion of ambrosia {unknown}
 j - a potion of curing {unknown}


   Skills:
 - Level 2.1 Dodging
 + Level 2.4 Stealth
 - Level 2.0 Spellcasting
 * Level 5.3 Necromancy


You had 4 spell levels left.
You knew the following spells:

 Your Spells              Type           Power      Damage    Failure   Level
a - Pain                  Necr           68%        1d7       2%          1

Your spell library contained the following spells:

 Spells                   Type           Power      Damage    Failure   Level
 Animate Skeleton         Necr           34%        N/A       2%          1
 Vampiric Draining        Necr           8%         2d7       8%          3
 Animate Dead             Necr           8%         N/A       26%         4
 Agony                    Necr           17%        N/A       56%         5


Dungeon Overview and Level Annotations

Branches:
Dungeon (2/15)

Altars:

Shops:
D:1 :

Annotations:
D:2 Terence


Innate Abilities, Weirdness & Mutations

You are resistant to damage.
You can heal yourself by infusing magical energy.
You passively map a small area around you.
You do not regenerate.


Message History

A gnoll comes into view. It is wielding a +4 whip.
Found a stone staircase leading down.
i - 2 scrolls labelled FUOBRU HOGATIC (gained 1)
The gnoll shouts!
You hear an angry hiss.
You hear a shout!
A ball python comes into view.
A gnoll comes into view. It is wielding a +0 club.
A goblin comes into view. It is wielding a +0 dagger.
A gnoll comes into view. It is wielding a +0 club.
Casting: Pain (safe; 2% risk of failure)
Confirm with . or Enter, or press ? or * to list all spells.
Aiming: Pain (safe; 2% risk of failure)
Press: ? - help, Shift-Dir - straight line, f - ball python
Aim: a ball python (chance to affect: 87%)
The ball python writhes in agony!
You kill the ball python!
The goblin shouts!
The gnoll shouts!
You hear an angry hiss.
There is a stone staircase leading up here.
The gnoll hits you with a +4 whip!
You climb upwards.
There is a stone staircase leading down here.
Casting: Pain (safe; 2% risk of failure)
Confirm with . or Enter, or press ? or * to list all spells.
Aiming: Pain (safe; 2% risk of failure)
Press: ? - help, Shift-Dir - straight line, f - gnoll
Aim: a gnoll, wielding a +4 whip (chance to affect: 82%)
The gnoll writhes in agony.
The gnoll barely misses you.
Casting: Pain (safe; 2% risk of failure)
Confirm with . or Enter, or press ? or * to list all spells.
Aiming: Pain (safe; 2% risk of failure)
Press: ? - help, Shift-Dir - straight line, f/p - gnoll
Aim: a gnoll, wielding a +4 whip (heavily wounded, chance to affect: 82%)
The gnoll writhes in agony.
The gnoll hits you with a +4 whip!
* * * LOW HITPOINT WARNING * * *
Casting: Pain (safe; 2% risk of failure)
Confirm with . or Enter, or press ? or * to list all spells.
Aiming: Pain (safe; 2% risk of failure)
Press: ? - help, Shift-Dir - straight line, f/p - gnoll
Aim: a gnoll, wielding a +4 whip (severely wounded, chance to affect: 82%)
The gnoll writhes in agony.
The gnoll hits you with a +4 whip!
You die...

#.≈≈.≈≈...≈♣##.# #...
#.#≈≈≈≈.≈#####.# ####...
##.##.≈...≈≈..#.# #......
####..>##.≈≈≈≈≈...## #......
#......≈..≈.≈≈≈#.## ##......
#.##...####.#####.###.......
#.###.## #.# #..#.###'### #.#
#.# #.# #.#...##.##. #.# #.#
#@### #.#...#8.8#.
##.###.#####g..###.#...##.##.
#.............#....#...##.##.
##.###..>....###...###.#8.8#.
### ########.#.#^## #.##.##.
#..##.# #.##.##. #.###.#
#.#8.8#. #.###########.###
#.##8##8##8##.##8


You could see a gnoll.

Vanquished Creatures
  3 bats
  3 goblins (D:1)
  6 jackals
  2 kobolds (D:1)
  A quokka (D:1)
  3 ball pythons
  3 rats
21 creatures vanquished.

Notes
Turn   | Place    | Note
-------+----------+-------------------------------------------
     0 | D:1      | avis the Deep Dwarf Necromancer began the quest for the
                  | Orb.
     0 | D:1      | Reached XP level 1. HP: 15/15 MP: 3/3
   448 | D:1      | Reached XP level 2. HP: 22/22 MP: 2/4
   585 | D:1      | Reached skill level 5 in Necromancy
   608 | D:1      | Found Vept's Book Emporium.
  1079 | D:2      | Noticed Terence
  1371 | D:1      | Mangled by a gnoll

Illustrated notes

Levels and vault maps discovered:
D:1:      minmay_arrival_hallway, layout_loops_ring, serial_shops, shop,
          dk_noncrumbling_2, chequers_serial_rivers_marsh
D:2:      layout_rooms, shapermc_ecumenical_altar_notcrosses, uniq_sigmund,
          uniq_terence

Skill      XL: |  1  2 |
---------------+-------+-----
Necromancy     | 5 |  5.3
Spellcasting   | 2 |  2.0
Dodging        | |  2.1
Stealth        | |  2.4

Action                   || total
-------------------------++-------
Melee: Short sword       ||     1
 Cast: Pain              ||    42
 Stab: Sleeping          ||     1
Armor: Robe              ||     3
Dodge: Dodged            ||     5

Table legend: (Time is in decaauts)
 A = Elapsed time spent in this place.
 B = Non-inter-level travel time spent in this place.
 C = Inter-level travel time spent in this place.
 D = Time resting spent in this place.
 E = Time spent auto-exploring this place.
 F = Levels seen in this place.
 G = Mean time per level.
                   A        B        C        D        E       F      G
               +--------+--------+--------+--------+--------+-----+--------+
         Total |   1376 |   1277 |     99 |    550 |    429 |   2 |  688.0 |
       Dungeon |   1376 |   1277 |     99 |    550 |    429 |   2 |  688.0 |
               +--------+--------+--------+--------+--------+-----+--------+

Top non-repeatable levels by time:
     D:1: 1266 daAuts
     D:2: 109 daAuts
